 Dungeon Crawl Stone Soup version 0.31-a0-95-g6fa058ef04 (webtiles) character file.

Game seed: 3024401726869707719

202 frimble the Grasshopper (level 5, 0/36 HPs)
             Began as an Octopode Warper on May 25, 2023.
             Was an Initiate of Cheibriados.
             Slain by a goblin
             ... wielding a +0 club
              (2 damage)
             ... on level 4 of the Dungeon.
             The game lasted 00:04:17 (3126 turns).

frimble the Grasshopper (Octopode Warper)           Turns: 3126, Time: 00:04:18

Health: 0/36       AC: -7    Str: 11    XL:     5   Next: 80%
Magic:  9/9        EV: 14    Int: 18    God:    Cheibriados [......]
Gold:   96         SH:  0    Dex: 13    Spells: 9/9 levels left

rFire   . . .        a - +0 short sword
rCold   . . .        (no shield)
rNeg    . . .        (helmet restricted)
rPois   .            (no amulet)
rElec   .            (no ring)
rCorr   .            (no ring)
SInv    .            (no ring)
Will    .....        (no ring)
Stlth   ++           (no ring)
HPRegen 0.26/turn    (no ring)
MPRegen 0.11/turn    (no ring)
                     (no ring)

%: no passive effects
@: corroded, very slow
A: almost no armour, amphibious, 8 rings, camouflage 1, gelatinous body 1,
(nimble swimmer 1), tentacles
a: Renounce Religion


You were on level 4 of the Dungeon.
You worshipped Cheibriados.
Cheibriados was noncommittal.
You visited 1 branch of the dungeon, and saw 4 of its levels.

You collected 96 gold pieces.

Inventory:

Hand Weapons
 a - a +0 short sword (weapon)
 g - a +0 dagger of speed
Missiles
 b - 2 throwing nets
 c - 3 boomerangs of dispersal (quivered)
 l - 2 poisoned darts
Jewellery
 p - an amulet of reflection
Scrolls
 f - 2 scrolls of identify
 h - 2 scrolls of poison
 i - a scroll of blinking
 k - 2 scrolls of teleportation
 o - a scroll of enchant weapon {unknown}
Potions
 d - a potion of attraction
 e - 2 potions of enlightenment {unknown}
 j - a potion of curing {unknown}
 m - a potion of degeneration {unknown}
 n - a potion of cancellation {unknown}


   Skills:
 + Level 3.0 Fighting
 + Level 3.0 Short Blades
 - Level 2.0 Throwing
 + Level 3.3 Dodging
 + Level 2.7 Spellcasting
 + Level 3.7 Translocations


You had 9 spell levels left.
You didn't know any spells.
Your spell library contained the following spells:

 Spells                   Type           Power      Damage    Failure   Level
 Blink                    Tloc           30%        N/A       5%          2
 Lesser Beckoning         Tloc           30%        N/A       5%          2
 Teleport Other           Tloc           15%        N/A       11%         3
 Vhi's Electric Charge    Tloc/Air       14%        N/A       26%         3
 Passwall                 Tmut/Erth      0%         N/A       28%         2
 Cigotuvi's Dreadful Rot  Necr/Pois/Air  0%         N/A       30%         2
 Manifold Assault         Tloc           15%        N/A       36%         4
 Spider Form              Tmut/Pois      1%         N/A       50%         3
 Lehudib's Crystal Spear  Conj/Erth      0%         10d2      100%        8


Dungeon Overview and Level Annotations

Branches:
Dungeon (4/15)
 Temple: D:4-7

Altars:
Ashenzari
Cheibriados
Gozag
Hepliaklqana
Nemelex Xobeh
Okawaru
Ru
Uskayaw
Wu Jian
Yredelemnul


Innate Abilities, Weirdness & Mutations

You cannot wear most types of armour.
You are amphibious.
You can wear up to eight rings at the same time.
Your skin changes colour to match your surroundings (Stealth+).
Your rubbery body absorbs attacks. (AC +1, EV +1)
((You are camouflaged when in or above water. (Stealth+)))
You have tentacles for arms and can constrict up to eight enemies at once.


Message History

Throw: 2 throwing nets
Press: ? - help, Q - select action, (/) - cycle Shift-Dir - straight line, f - jelly
Aim: a jelly (89% to hit)
Okay, then.
Okay, then.
Throw: 7 boomerangs (disperse)
Press: ? - help, Q - select action, (/) - cycle Shift-Dir - straight line, f - jelly
Aim: a jelly (89% to hit)
You throw a boomerang of dispersal.
The boomerang of dispersal hits the jelly and shatters for extra damage!
The jelly blinks!
The jelly is heavily wounded.
The jelly hits you. The acid corrodes you!
You are splashed with acid!
Throw: 6 boomerangs (disperse)
Press: ? - help, Q - select action, (/) - cycle Shift-Dir - straight line, f/p - jelly
Aim: a jelly (heavily wounded, 89% to hit)
You throw a boomerang of dispersal.
The boomerang of dispersal hits the jelly and shatters for extra damage!
The jelly blinks!
The jelly is almost dead.
Throw: 5 boomerangs (disperse)
Press: ? - help, Q - select action, (/) - cycle Shift-Dir - straight line, f/p - jelly
Aim: a jelly (almost dead, 89% to hit)
You throw a boomerang of dispersal.
The boomerang of dispersal barely misses the jelly.
The goblin barely misses you. The jelly hits you. The acid corrodes you!
You are splashed with acid!
* * * LOW HITPOINT WARNING * * *
Throw: 4 boomerangs (disperse)
Press: ? - help, Q - select action, (/) - cycle Shift-Dir - straight line, f/p - jelly
Aim: a jelly (almost dead, 89% to hit)
You throw a boomerang of dispersal.
The boomerang of dispersal hits the jelly and shatters for extra damage.
The jelly blinks!
You kill the jelly!
Cheibriados appreciates the change of pace.
The goblin hits you with a +0 club.
* * * LOW HITPOINT WARNING * * *
The goblin hits you with a +0 club.
You die...

#.# #[# #.# #.#
###.# #.# ##
#.#.# #.# ..
#..# #.#
##.###.## #.#
#...g#..#####.##
#§@.........#
#..§.######..#
##..## #..# ##.#
##..# #.# #...#
#.# #.#.# #.#
#.#.# #######.#
#.#.# ......#.#
#.#.#


You could see a goblin.

Vanquished Creatures
  A jelly (D:4)
  Crazy Yiuf (D:2)
  A sleepcap (D:3)
  Robin (D:1)
  3 adders
  2 worms (D:2)
  8 orcs (D:3)
  9 endoplasms
  4 giant cockroaches
  17 goblins
  12 hobgoblins
  2 quokkas
  5 ball pythons
  5 bats
  3 frilled lizards
  9 kobolds
  5 rats
88 creatures vanquished.

Notes
Turn   | Place    | Note
-------+----------+-------------------------------------------
     0 | D:1      | frimble the Octopode Warper began the quest for the Orb.
     0 | D:1      | Reached XP level 1. HP: 14/14 MP: 3/3
   105 | D:1      | Reached XP level 2. HP: 18/19 MP: 5/5
   534 | D:1      | Reached XP level 3. HP: 20/24 MP: 6/6
   561 | D:1      | Got the Secrets of the Ground and the Bane
  1197 | D:2      | Found a runed translucent door.
  1198 | D:2      | Noticed Crazy Yiuf
  1459 | D:2      | Noticed Robin
  1481 | D:1      | Killed Robin
  1482 | D:1      | Reached XP level 4. HP: 18/30 MP: 7/7
  2035 | D:2      | Killed Crazy Yiuf
  2036 | D:2      | Reached XP level 5. HP: 35/35 MP: 8/8
  2649 | D:3      | Found a hide-covered altar of Uskayaw.
  2649 | D:3      | Found a sacrificial altar of Ru.
  2649 | D:3      | Found an iron altar of Okawaru.
  2653 | D:3      | Found an opulent altar of Gozag.
  2654 | D:3      | Found a sparkling altar of Nemelex Xobeh.
  2656 | D:3      | Found a snail-covered altar of Cheibriados.
  2657 | D:3      | Found an ornate altar of the Wu Jian Council.
  2660 | D:3      | Found a broken altar of Ashenzari.
  2663 | D:3      | Found a basalt altar of Yredelemnul.
  2666 | D:3      | Found a hazy altar of Hepliaklqana.
  2667 | D:3      | Became a worshipper of Cheibriados the Contemplative
  3126 | D:4      | Slain by a goblin

Illustrated notes

Levels and vault maps discovered:
D:1:      sevenhm_arrival_forest_fort_small_6, layout_basic
D:2:      layout_loops_corners, nicolae_concentric_dashed_squares_wild,
          uniq_robin, uniq_crazy_yiuf_cottage
D:3:      layout_basic, nicolae_overflow_hallway_of_the_gods
D:4:      layout_loops_ring

Skill      XL: |  1  2  3  4  5 |
---------------+----------------+-----
Throwing       | 2 |  2.0
Dodging        | 3 |  3.3
Fighting       | 3 |  3.0
Short Blades   | 3 |  3.0
Spellcasting   | |  2.7
Translocations | |  3.7

Action                     |  1- 3 |  4- 6 || total
---------------------------+-------+-------++-------
  Melee: Short sword       |    75 |    23 ||    98
         Constrict         |    21 |    33 ||    54
         Tentacles         |    22 |    32 ||    54
         Punch             |     1 |     1 ||     2
         Dagger            |    22 |   109 ||   131
  Throw: Throwing net      |       |     1 ||     1
         Boomerang         |       |     4 ||     4
    Use: Scroll            |     2 |     4 ||     6
   Stab: Sleeping          |     6 |     4 ||    10
 Armour: Skin              |     5 |     2 ||     7
  Dodge: Dodged            |    39 |    58 ||    97

Table legend: (Time is in decaauts)
 A = Elapsed time spent in this place.
 B = Non-inter-level travel time spent in this place.
 C = Inter-level travel time spent in this place.
 D = Time resting spent in this place.
 E = Time spent auto-exploring this place.
 F = Levels seen in this place.
 G = Mean time per level.
                   A        B        C        D        E       F      G
               +--------+--------+--------+--------+--------+-----+--------+
         Total |   3172 |   3039 |    133 |      0 |   2476 |   4 |  793.0 |
       Dungeon |   3172 |   3039 |    133 |      0 |   2476 |   4 |  793.0 |
               +--------+--------+--------+--------+--------+-----+--------+

Top non-repeatable levels by time:
     D:2: 1159 daAuts
     D:1: 900 daAuts
     D:3: 839 daAuts
     D:4: 272 daAuts
